 Dungeon Crawl Stone Soup version 0.21.1-1-g345015f (console) character file.

380 Homage the Bolt Thrower (level 6, 0/49 (52) HPs)
             Began as a Tengu Hunter on Apr 15, 2018.
             Slain by an adder (3 damage)
             ... on level 5 of the Dungeon.
             The game lasted 00:10:07 (4022 turns).

Homage the Bolt Thrower (Tengu Hunter)              Turns: 4022, Time: 00:10:07

HP:   0/49 (52)     AC: 23    Str: 15    XL:     6   Next: 75%
MP:   7/7           EV:  2    Int: 13    God:
Gold: 189           SH:  0    Dex: 21    Spells: 5/5 levels left

rFire    . . .     SeeInvis .   b - +0 quarterstaff
rCold    . . .     Gourm    .   (shield currently unavailable)
rNeg     + + +     Faith    .   (armour currently unavailable)
rPois    +         Spirit   .   (helmet currently unavailable)
rElec    .         Reflect  .   (cloak currently unavailable)
rCorr    .         Harm     .   (gloves currently unavailable)
MR       .....     NoTele   +   (boots unavailable)
Stlth    +++.......             (no amulet)
HPRegen  0.16/turn              e - +4 ring of slaying
MPRegen  0.10/turn              c - ring of positive energy

@: agile, tree-form
A: clever 1, strong 1, able to fly 1
a: Fly


You were on level 5 of the Dungeon.
You were not hungry.
You were a tree.
You visited 1 branch of the dungeon, and saw 5 of its levels.

You collected 189 gold pieces.


Innate Abilities, Weirdness & Mutations

((You have a beak for a mouth.))
((You have claws for feet.))
You can fly.
Your mind is acute. (Int +2)
Your muscles are strong. (Str +2)


   Skills:
 - Level 2.0 Fighting
 + Level 4.9 Staves
 - Level 6.0 Crossbows
 - Level 2.0 Armour
 - Level 3.1 Dodging
 - Level 1.0 Stealth


You had 5 spell levels left.
You didn't know any spells.

Inventory:

Hand Weapons
 a - a +1 hand crossbow
 b - a +0 quarterstaff (weapon)
Missiles
 d - 65 bolts
Armour
 i - a +2 leather armour of magic resistance (melded)
Jewellery
 c - a ring of positive energy (right branch)
 e - a +4 ring of slaying (left branch)
 n - an uncursed ring of resist corrosion
Wands
 h - a wand of iceblast (7)
Scrolls
 g - a scroll of noise
 k - a scroll of remove curse
 p - a scroll of fear {unknown}
 q - a scroll of enchant weapon
Potions
 m - a potion of brilliance
 o - a potion of curing
Comestibles
 f - 4 rations


Message History

You kill the orc!
The adder barely misses you. The scorpion barely misses you.
You hit the scorpion.
The scorpion is lightly wounded.
The adder bites you but does no damage. x2
The scorpion stings you but does no damage.
The orc completely misses you.
You barely miss the adder. The adder bites you but does no damage.
The scorpion stings you but does no damage.
The orc hits you but does no damage.
You hit the adder.
The adder is heavily wounded.
The adder bites you but does no damage.
The scorpion stings you but does no damage.
The orc hits you but does no damage. The adder bites you but does no damage.
You barely miss the adder.
The adder is heavily wounded.
The scorpion stings you but does no damage.
The adder bites you.
You die...

*,,,,*,,,,,,***,,,,,,,,,,,,,,,,*
,,,,,**,*,,,,,,,,,,,,,...,,,,,,*
,,,,,,,,*,,,,,,#.,,,.....,,,,,**
,,,,,****#,**,,*.,,,...#,,,,,**
,,,,,,***#.#,,,,.###...*******
,,,,,,,,,....,,,,..#.#,***
,,,,,*,,,.....,*,....#,,,*
*,,,,,,,,......###...##*,*
***,*,,,,......s7oo...#*,***
*,**,,,".....S##.##....,,*
***,,*,,,.......*#<#****.*,******
,**,,,,,,##...##*#.# *,,,,,,,,,*
,,,,,*,,,#8...8*,.o#***,,,,,,,,,*
,,,,,,,,,##..,**..##,,,,,,,,,,,,*
,,,,,,,,**#.,,*#..,,,**,,,,,,,,,*
,,,,,,,,,*#.,,*#..,****,,,,,,,,,*
,,,,,,,,,*8,,,8#..,,* *,,,*******


You could see a scorpion, an adder and 2 orcs.

Vanquished Creatures
  A necrophage (D:5)
  A hound (D:4)
  2 orc priests (D:3)
  2 orc wizards (D:4)
  A hound skeleton (D:4)
  4 adders
  A worm (D:4)
  3 dart slugs
  3 leopard geckos
  17 orcs
  8 bats
  A giant cockroach (D:1)
  6 goblins
  8 hobgoblins
  7 kobolds
  A quokka (D:3)
  6 ball pythons
  6 frilled lizards
  A quokka skeleton (D:4)
  3 rats (D:2)
82 creatures vanquished.

Notes
Turn   | Place    | Note
-------+----------+-------------------------------------------
     0 | D:1      | Homage the Tengu Hunter began the quest for the Orb.
     0 | D:1      | Reached XP level 1. HP: 12/12 MP: 2/2
   190 | D:1      | Reached XP level 2. HP: 9/17 MP: 3/3
   193 | D:1      | Reached skill level 3 in Dodging
   588 | D:1      | Reached skill level 1 in Armour
   804 | D:1      | Reached XP level 3. HP: 19/21 MP: 4/4
   811 | D:1      | You fall through a shaft!
  1078 | D:2      | Found a glowing golden altar of the Shining One.
  1356 | D:2      | Found an opulent altar of Gozag.
  2003 | D:1      | Reached skill level 5 in Crossbows
  2159 | D:1      | Reached XP level 4. HP: 26/26 MP: 5/5
  2382 | D:3      | Reached skill level 1 in Staves
  2582 | D:3      | Gained mutation: Your muscles are strong. (Str +2) [potion of mutation]
  2582 | D:3      | Gained mutation: Your mind is acute. (Int +2) [potion of mutation]
  2689 | D:3      | Gained mutation: You can fly. [Tengu growth]
  2689 | D:3      | Reached XP level 5. HP: 28/30 MP: 6/6
  3037 | D:3      | Found a shimmering altar of Xom.
  3043 | D:3      | Reached skill level 6 in Crossbows
  3581 | D:4      | Reached skill level 3 in Staves
  3644 | D:4      | Reached XP level 6. HP: 35/35 MP: 7/7
  3999 | D:5      | Entered Level 5 of the Dungeon
  3999 | D:5      | Noticed a necrophage
  4010 | D:5      | Killed a necrophage
  4010 | D:5      | HP: 6/33 [orc/whip (1)]
  4011 | D:5      | HP: 1/33 [orc/whip (5)]
  4022 | D:5      | Slain by an adder

Vault maps used:
D:1:      minmay_arrival_diagonal_passages
D:2:      nicolae_gozag_cash_rules_everything_around_me,
          nicolae_tso_carved_into_rock
D:3:      overflow_temple_1_default, serial_forest,
          infiniplex_forest_clump_long, infiniplex_forest_end_2,
          infiniplex_forest_straight_2, infiniplex_forest_clump_small,
          infiniplex_forest_end_2, infiniplex_forest_clump_C,
          infiniplex_forest_straight_3, glass_columns_b, bh_chokoban
D:4:      first_ration
D:5:      old_standard_altar, lemuel_coloured_pillars_altar,
          serial_corexii_hall, corexii_hall_statues_x, corexii_hall_statues_l,
          uniq_crazy_yiuf_cottage, uniq_edmund

Action                   |  1- 3 |  4- 6 || total
-------------------------+-------+-------++-------
Melee: Short sword       |    27 |       ||    27
       Kick              |    10 |    14 ||    24
       Peck              |     4 |    10 ||    14
       Whip              |    10 |       ||    10
       Dagger            |     7 |       ||     7
       Quarterstaff      |    19 |    82 ||   101
 Fire: Hand crossbow     |    16 |       ||    16
 Abil: Fly               |       |     1 ||     1
  Use: Scroll            |     6 |     3 ||     9
       Potion            |     3 |     6 ||     9
 Stab: Sleeping          |     2 |     1 ||     3
  Eat: Chunk             |     1 |     5 ||     6
       Ration            |     1 |       ||     1
Armor: Leather armour    |    12 |    17 ||    29
       Ring mail         |     6 |     8 ||    14
       Skin              |       |    14 ||    14
Dodge: Dodged            |    49 |    86 ||   135
